AoeStats
← Dr Greencrack

Lombardia

509489950Analyzed
2v2 RM · 6d ago on Sep 27, 2026· 39m 54s· 4 players
Game mode
Random Map
Map size
Medium (4 player)
Population
200
Speed
Normal
Resources
Standard
Victory
Conquest
Starting age
Dark Age
Ending age
Imperial Age
RankedLock teamsTeams togetherTeam positionsShared explorationLock speedFull tech treeHidden civsTurbo modeCheats
Victory
Defeat
🇻🇪 Cumans · Venezuela
1073
+14
🇻🇪 Mongols · Venezuela
1073
+14
🇨🇦 Teutons · Canada
1042
-14
🇨🇦 Ethiopians · Canada
1030
-14
Dr Greencrack
8:33 Loom
10:49 Feudal Age
12:17 Double-Bit Axe
13:40 Wheelbarrow
16:54 Castle Age
15:15 Horse Collar
15:52 Scale Mail Armor
17:24 Forging
17:40 Pikeman
19:47 Fletching
23:31 Bow Saw
34:59 Hand Cart
Iceman
3:07 Loom
11:51 Feudal Age
18:36 Castle Age
19:31 Double-Bit Axe
20:14 Crossbowman
23:07 Fletching
29:00 Elite Skirmisher
Magno
5:19 Loom
11:07 Feudal Age
16:46 Town Watch
19:05 Wheelbarrow
27:27 Castle Age
29:00 Double-Bit Axe
29:59 Capped Ram
39:02 Imperial Age
39:31 Hand Cart
39:17 Town Patrol
39:15 Onager
Kratozinho
6:59 Loom
11:12 Feudal Age
12:10 Double-Bit Axe
17:15 Castle Age
16:10 Horse Collar
19:17 Forging
19:22 Bloodlines
21:57 Padded Archer Armor
21:59 Scale Mail Armor
23:23 Gold Mining
25:55 Fletching
29:15 Wheelbarrow
29:24 Bodkin Arrow
30:32 Ballistics
30:14 Padded Archer Armor
33:02 Husbandry
33:20 Leather Archer Armor
33:20 Bow Saw
37:11 Imperial Age
38:31 Elite Mangudai
39:33 Conscription
Connection lost

Rejoining the realm…

Still unreachable

The connection could not be restored.

Session expired

The server has moved on; the page needs a fresh start.